 Dungeon Crawl Stone Soup version 0.32-a0-898-g7811c86cf0 (webtiles) character file.

Game seed: 6290937966260192604

981 zazu2006 the Arsonist (level 8, 0/57 (63) HPs)
             Began as a Gnoll Wanderer on Apr 4, 2024.
             Slain by a wight
             ... wielding a +4 great sword
              (9 damage)
             ... on level 6 of the Dungeon.
             The game lasted 00:09:27 (4384 turns).

zazu2006 the Arsonist (Gnoll Wanderer)              Turns: 4384, Time: 00:09:27

HP:   0/57 (63)     AC:  3    Str: 11    XL:     8   Next: 17%
MP:   10/14         EV: 12    Int: 12    God:
Gold: 154           SH:  0    Dex: 14    Spells: 14/15 levels left

rFire   . . .        k - +1 short sword (protect)
rCold   . . .        (no shield)
rNeg    . . .        c - +0 robe
rPois   .            (no helmet)
rElec   .            (no cloak)
rCorr   .            (no gloves)
SInv    .            j - +0 pair of boots
Will    .....        (no amulet)
Stlth   ++           (no ring)
HPRegen 0.29/turn    (no ring)
MPRegen 0.14/turn

%: no passive effects
@: drained
A: fangs 1, strong nose, distributed training
a: no special abilities


You were on level 6 of the Dungeon.
You visited 1 branch of the dungeon, and saw 6 of its levels.

You collected 316 gold pieces.
You spent 162 gold pieces at shops.

Inventory:

Hand Weapons
 k - a +1 short sword of protection (weapon)
Missiles
 a - 6 javelins
Armour
 c - a +0 robe (worn)
 j - a +0 pair of boots (worn)
Jewellery
 g - a ring of ice
 o - an amulet of the acrobat
Wands
 f - a wand of flame (9)
Scrolls
 b - 3 scrolls of vulnerability
 d - a scroll of fear
 e - 2 scrolls of teleportation {unknown}
 h - 3 scrolls of identify
Potions
 i - a potion of attraction
 l - 2 potions of curing
 m - a potion of berserk rage
 n - a potion of heal wounds {unknown}


   Skills:
 + Level 5.6 Fighting
 + Level 5.6 Short Blades
 + Level 3.1 Long Blades
 + Level 3.1 Axes
 + Level 3.1 Maces & Flails
 + Level 3.1 Polearms
 + Level 3.1 Staves
 + Level 3.1 Ranged Weapons
 + Level 3.1 Throwing
 + Level 3.1 Armour
 + Level 3.1 Dodging
 + Level 3.1 Stealth
 + Level 3.1 Shields
 + Level 3.1 Unarmed Combat
 + Level 4.2 Spellcasting
 + Level 2.5 Conjurations
 + Level 2.5 Hexes
 + Level 2.5 Summonings
 + Level 2.5 Necromancy
 + Level 2.5 Translocations
 + Level 9.2 Fire Magic
 + Level 2.5 Ice Magic
 + Level 2.5 Air Magic
 + Level 2.5 Earth Magic
 + Level 2.5 Alchemy
 + Level 3.4 Invocations
 + Level 3.1 Evocations
 + Level 2.8 Shapeshifting


You had 14 spell levels left.
You knew the following spells:

 Your Spells              Type           Power      Damage    Failure   Level
a - Foxfire               Conj/Fire      64%        2x1d7     1%          1

Your spell library contained the following spells:

 Spells                   Type           Power      Damage    Failure   Level
 Volatile Blastmotes      Fire/Tloc      32%        2d12      6%          3
 Kiss of Death            Conj/Necr      32%        2d7       8%          1
 Flame Wave               Conj/Fire      16%        2d7       19%         4
 Confusing Touch          Hex            8%         N/A       22%         3
 Passwall                 Erth           8%         N/A       22%         3
 Teleport Other           Tloc           8%         N/A       22%         3
 Animate Armour           Summ/Erth      16%        N/A       58%         4
 Dispel Undead            Necr           8%         3d8       58%         4
 Leda's Liquefaction      Alch/Erth      4%         N/A       58%         4
 Dispersal                Tloc           4%         N/A       100%        6
 Gell's Gavotte           Tloc           4%         2d(13-19) 100%        6


Dungeon Overview and Level Annotations

Branches:
Dungeon (6/15)
 Temple: D:4-7

Altars:
Hepliaklqana
Ru
Xom

Shops:
D:4 [   D:5 **?((


Innate Abilities, Weirdness & Mutations

You have very sharp teeth.
Your uncanny sense of smell can sniff out nearby items.
Your experience applies equally to all skills.


Message History

You hit the wight but do no damage.
Your weapon exudes an aura of protection.
The wight is severely damaged.
The foxfire hits the wight.
The wight is moderately damaged.
The foxfire hits the wight but does no damage.
The wight is moderately damaged.
The wight completely misses you. The wight hits you with a +0 falchion.
Casting: Foxfire (safe; 1% risk of failure)
Confirm with . or Enter, or press ? or * to list all spells.
You conjure some foxfire!
The wight hits you but does no damage. The wight hits you with a +0 falchion.
The foxfire hits the wight but does no damage.
The wight is moderately damaged.
The foxfire hits the wight.
The wight is heavily damaged.
The wight attacks as it pursues you!
The wight hits you with a +4 great sword!
The wight attacks as it pursues you! The wight misses you.
Casting: Foxfire (safe; 1% risk of failure)
Confirm with . or Enter, or press ? or * to list all spells.
You conjure some foxfire!
The wight hits you but does no damage. The wight misses you.
The foxfire hits the wight.
The wight is almost destroyed.
The foxfire hits the wight but does no damage.
The wight is almost destroyed.
The wight attacks as it pursues you! The wight completely misses you.
The wight attacks as it pursues you!
The wight hits you with a +4 great sword!
* * * LOW HITPOINT WARNING * * *
You feel drained.
* * * LOW HITPOINT WARNING * * *
Unknown command.
You feel better. The wight hits you with a +0 falchion.
* * * LOW HITPOINT WARNING * * *
You feel drained.
* * * LOW HITPOINT WARNING * * *
The wight hits you with a +4 great sword!
You die...

.#.###...J.#
...z....#
#######.#####
#......# #..###.#
#######..###.#
...........#.#######
#######zz#.........#
##@.ยง...#####.#
#.....### ##..)##
##.## ### #.# .# #..
#.# #####.### #.#
##'## #.......# #.#
##...## #.##....#
#.####
##.....###.##..#.#


You could see 2 wights.

Vanquished Creatures
  A sky beast (D:6)
  A black bear (D:5)
  An ogre (D:5)
  A centaur (D:6)
  A kobold brigand (D:6)
  2 scorpions
  A bombardier beetle (D:5)
  3 hounds
  An orc priest (D:5)
  A gnoll bouda (D:6)
  4 orc wizards
  5 gnolls (D:6)
  6 adders
  7 dart slugs
  A ribbon worm (D:2)
  8 orcs
  4 ball pythons
  3 endoplasms (D:1)
  3 giant cockroaches
  3 goblins
  8 hobgoblins
  8 kobolds
  3 quokkas (D:5)
  3 bats
  A frilled lizard (D:1)
  2 rats (D:2)
  2 butterflies (D:5)
84 creatures vanquished.

Vanquished Creatures (others)
  350 foxfires
350 creatures vanquished.

Grand Total: 434 creatures vanquished

Notes
Turn   | Place    | Note
-------+----------+-------------------------------------------
     0 | D:1      | zazu2006 the Gnoll Wanderer began the quest for the Orb.
     0 | D:1      | zazu2006 set off with the following items: a +1 short
                  | sword, a scroll of vulnerability, a +0 robe; and the
                  | following spell memorised: Foxfire; and the following
                  | spells available to memorise: Volatile Blastmotes, Flame
                  | Wave.
     0 | D:1      | Reached XP level 1. HP: 20/20 MP: 4/4
   156 | D:1      | Found a faded altar of an unknown god.
   263 | D:1      | Reached XP level 2. HP: 21/26 MP: 1/5
   833 | D:1      | Reached XP level 3. HP: 31/31 MP: 2/7
  1083 | D:2      | Reached skill level 1 in Invocations
  1180 | D:2      | Reached skill level 1 in Long Blades
  1180 | D:2      | Reached skill level 1 in Axes
  1180 | D:2      | Reached skill level 1 in Maces & Flails
  1180 | D:2      | Reached skill level 1 in Polearms
  1180 | D:2      | Reached skill level 1 in Staves
  1180 | D:2      | Reached skill level 1 in Ranged Weapons
  1180 | D:2      | Reached skill level 1 in Throwing
  1180 | D:2      | Reached skill level 1 in Armour
  1180 | D:2      | Reached skill level 1 in Dodging
  1180 | D:2      | Reached skill level 1 in Stealth
  1180 | D:2      | Reached skill level 1 in Shields
  1180 | D:2      | Reached skill level 1 in Unarmed Combat
  1180 | D:2      | Reached skill level 1 in Evocations
  1305 | D:2      | Reached skill level 1 in Shapeshifting
  1305 | D:2      | Reached XP level 4. HP: 38/38 MP: 5/8
  1397 | D:3      | Reached skill level 1 in Conjurations
  1397 | D:3      | Reached skill level 1 in Hexes
  1397 | D:3      | Reached skill level 1 in Summonings
  1397 | D:3      | Reached skill level 1 in Necromancy
  1397 | D:3      | Reached skill level 1 in Translocations
  1397 | D:3      | Reached skill level 1 in Ice Magic
  1397 | D:3      | Reached skill level 1 in Air Magic
  1397 | D:3      | Reached skill level 1 in Earth Magic
  1397 | D:3      | Reached skill level 1 in Alchemy
  1906 | D:4      | Found Ihedeaxu's Antique Armour Emporium.
  1947 | D:4      | Noticed a scorpion
  1967 | D:4      | Killed a scorpion
  1968 | D:4      | Reached XP level 5. HP: 12/43 MP: 1/9
  2286 | D:4      | Reached XP level 6. HP: 50/50 MP: 6/11
  2389 | D:4      | Found a sacrificial altar of Ru.
  2533 | D:4      | Reached skill level 5 in Fighting
  2533 | D:4      | Reached skill level 5 in Short Blades
  2545 | D:5      | Entered Level 5 of the Dungeon
  2618 | D:5      | Noticed a +0 triple crossbow
  2622 | D:5      | Found Moazop's Weapon Emporium.
  2622 | D:5      | Found Jiosku's Magic Scroll Boutique.
  2624 | D:5      | Noticed a +0 triple sword
  2641 | D:5      | Bought a scroll of identify for 30 gold pieces
  2676 | D:5      | Found Eckieh's Weapon Emporium.
  2814 | D:5      | Found a shimmering altar of Xom.
  2960 | D:5      | Reached skill level 9 in Fire Magic
  3136 | D:5      | Noticed a black bear
  3157 | D:5      | Killed a black bear
  3158 | D:5      | Reached XP level 7. HP: 56/56 MP: 6/12
  3223 | D:5      | Got the Anthology of Underground Movement
  3224 | D:5      | Found Fagaus's General Store.
  3232 | D:5      | Bought a scroll of identify for 22 gold pieces
  3232 | D:5      | Bought 2 potions of berserk rage for 110 gold pieces
  3341 | D:5      | Found Lawanyacim's Assorted Antiques.
  3614 | D:6      | Found a hazy altar of Hepliaklqana.
  3852 | D:6      | Reached XP level 8. HP: 55/63 MP: 8/14
  4384 | D:6      | Slain by a wight

Illustrated notes

Levels and vault maps discovered:
D:1:      dpeg_arrival_fog, layout_loops_corners,
          dreamdust_ecumenical_altar_grove, minmay_tree_intersection,
          serial_bayou_pond_b, minmay_gold_behind_fungi
D:2:      layout_basic, minmay_misc_feat_enclosed, uniq_terence
D:3:      layout_loops_ring, nicolae_vehumet_altar_sigil,
          general_overflow_altar, nrook_mini_vaults
D:4:      layout_basic, mainiacjoe_overflow_tiny_flanked, marbit_many_paths,
          serial_shops, nicolae_shop_tiny_waterfront, kennysheep_potato
D:5:      layout_basic, xom_butterflies, serial_shops, nicolae_shop_mannequins,
          nicolae_shop_pleasant_corner_grove, nicolae_shop_scrapyard, shop, shop
D:6:      layout_loops_corners, kennysheep_mini_moat, trog_three_pillars_becter

Skill      XL: |  1  2  3  4  5  6  7 |
---------------+----------------------+-----
Invocations    | 1 2 3 |  3.4
Long Blades    | 1 2 3 |  3.1
Axes           | 1 2 3 |  3.1
Maces & Flails | 1 2 3 |  3.1
Polearms       | 1 2 3 |  3.1
Staves         | 1 2 3 |  3.1
Ranged Weapons | 1 2 3 |  3.1
Throwing       | 1 2 3 |  3.1
Armour         | 1 2 3 |  3.1
Dodging        | 1 2 3 |  3.1
Stealth        | 1 2 3 |  3.1
Shields        | 1 2 3 |  3.1
Unarmed Combat | 1 2 3 |  3.1
Evocations     | 1 2 3 |  3.1
Spellcasting   | 3 4 |  4.2
Shapeshifting  | 1 2 |  2.8
Conjurations   | 1 2 |  2.5
Hexes          | 1 2 |  2.5
Summonings     | 1 2 |  2.5
Necromancy     | 1 2 |  2.5
Translocations | 1 2 |  2.5
Ice Magic      | 1 2 |  2.5
Air Magic      | 1 2 |  2.5
Earth Magic    | 1 2 |  2.5
Alchemy        | 1 2 |  2.5
Fighting       | 5 |  5.6
Short Blades   | 5 |  5.6
Fire Magic     | 9 |  9.2

Action                     |  1- 3 |  4- 6 |  7- 9 || total
---------------------------+-------+-------+-------++-------
  Melee: Short sword       |    22 |    68 |    18 ||   108
         Bite              |     4 |    16 |     3 ||    23
   Cast: Foxfire           |    56 |    98 |    53 ||   207
    Use: Potion            |       |     3 |     2 ||     5
         Scroll            |       |     2 |       ||     2
   Stab: Sleeping          |       |     1 |     1 ||     2
 Armour: Robe              |    11 |    40 |    41 ||    92
         Skin              |       |     2 |       ||     2
  Dodge: Dodged            |    10 |    38 |    26 ||    74

Table legend: (Time is in decaauts)
 A = Elapsed time spent in this place.
 B = Non-inter-level travel time spent in this place.
 C = Inter-level travel time spent in this place.
 D = Time resting spent in this place.
 E = Time spent auto-exploring this place.
 F = Levels seen in this place.
 G = Mean time per level.
                   A        B        C        D        E       F      G
               +--------+--------+--------+--------+--------+-----+--------+
         Total |   4369 |   4282 |     87 |     47 |   3461 |   6 |  728.2 |
       Dungeon |   4369 |   4282 |     87 |     47 |   3461 |   6 |  728.2 |
               +--------+--------+--------+--------+--------+-----+--------+

Top non-repeatable levels by time:
     D:6: 1013 daAuts
     D:1: 1011 daAuts
     D:5: 830 daAuts
     D:4: 674 daAuts
     D:3: 469 daAuts
     D:2: 370 daAuts
